 Dungeon Crawl Stone Soup version 0.30-a0-210-g01b79a254e (webtiles) character file.

Game seed: 5510091571989710520

417 zishaf the Sneak (level 6, -5/33 HPs)
             Began as a Vine Stalker Brigand on Oct 4, 2022.
             Slain by Menkaure (16 damage)
             ... on level 4 of the Dungeon.
             The game lasted 00:06:57 (2519 turns).

zishaf the Sneak (Vine Stalker Brigand)             Turns: 2519, Time: 00:06:58

Health: -5/33      AC:  6    Str: 14    XL:     6   Next: 92%
Magic:  0/7        EV: 10    Int: 11    God:
Gold:   193        SH:  7    Dex: 17    Spells: 5/5 levels left

rFire   . . .      SeeInvis .    a - +3 dagger (flame)
rCold   + . .      Faith    .    k - +2 buckler
rNeg    . . .      Spirit   +    o - +0 ring mail
rPois   .          Reflect  .    (no helmet)
rElec   .          Harm     .    c - +0 cloak
rCorr   .          Rampage  .    (no gloves)
Will    .....                    (no boots)
Stlth   ++........               (no amulet)
HPRegen 1.05/turn                i - ring of protection from cold
MPRegen 0.10/turn                (no ring)

@: no status effects
A: fangs 2, regeneration 1, magic shield, antimagic bite, no potion heal 2
a: no special abilities


You were on level 4 of the Dungeon.
You visited 1 branch of the dungeon, and saw 4 of its levels.

You collected 193 gold pieces.

Inventory:

Hand Weapons
 a - a +3 dagger of flaming (weapon)
 b - the +3 sling of Ibloas {vorpal, rF+ Dex+4}
   (You found it on level 4 of the Dungeon)

   Any ammunition fired from it inflicts extra damage upon your enemies.
   Dex:       It affects your dexterity (+4).
   rF:        It protects you from fire.
Missiles
 d - 14 poisoned darts (quivered)
 e - 3 curare-tipped darts
 n - 6 boomerangs
 q - a throwing net
Armour
 c - a +0 cloak (worn)
 k - a +2 buckler (worn)
 o - a +0 ring mail (worn)
Jewellery
 i - a ring of protection from cold (left hand)
 z - a ring of willpower
Wands
 u - a wand of mindburst (11)
Scrolls
 h - a scroll of poison
 s - a scroll of teleportation
 v - a scroll of enchant weapon
Potions
 f - 2 potions of lignification
 g - 4 potions of curing
 j - 2 potions of mutation {unknown}
 l - a potion of brilliance
 m - 3 potions of attraction
 p - a potion of resistance {unknown}
 r - 2 potions of haste {unknown}
 A - 5 potions of might


   Skills:
 + Level 3.9 Fighting
 + Level 3.8 Short Blades
 - Level 2.0 Throwing
 - Level 1.0 Dodging
 - Level 5.0 Stealth
 + Level 2.9 Shields
 + Level 1.0 Evocations


You had 5 spell levels left.
You didn't know any spells.
Your spell library contained the following spells:

 Spells                   Type           Power      Damage    Failure   Level
 Sting                    Tmut/Pois      0%         1d3       69%         1
 Poisonous Vapours        Pois/Air       0%         N/A       83%         2
 Summon Guardian Golem    Hex/Summ       0%         N/A       96%         3
 Olgreb's Toxic Radiance  Pois           0%         N/A       100%        4
 Yara's Violent Unravell  Hex/Tmut       0%         3d3       100%        5
 Enfeeble                 Hex            0%         N/A       100%        7
 Orb of Destruction       Conj           0%         9d5       100%        7
 Spellforged Servitor     Conj/Summ      0%         N/A       100%        7


Dungeon Overview and Level Annotations

Branches:
Dungeon (4/15)
 Temple: D:4-7

Altars:
Zin

Shops:
D:2 (:=[   D:4 *

Annotations:
D:4 Menkaure


Innate Abilities, Weirdness & Mutations

You have extremely sharp teeth.
Your natural rate of healing is unusually fast.
When hurt, damage is shared between your health and your magic reserves.
Your bite disrupts and absorbs the magic of your enemies.
Potions cannot restore your health.


Message History

The sling bullet hits Menkaure but does no damage.
Menkaure is lightly damaged.
Menkaure gestures at you while chanting.
Pain shoots through your body!
You shoot a sling bullet. The sling bullet hits Menkaure.
Menkaure is moderately damaged.
Menkaure gestures at you while chanting.
Pain shoots through your body!
You shoot a sling bullet.
The sling bullet hits Menkaure but does no damage.
Menkaure is moderately damaged.
Menkaure calls on the powers of darkness!
Your body is wracked with pain!
A hobgoblin comes into view. It is wielding a +0 spear.
You are too injured to fight recklessly!
You are too injured to fight recklessly!
You are too injured to fight recklessly!
Your +3 dagger of flaming bursts into flame!
a - a +3 dagger of flaming (weapon)
You are too injured to fight recklessly!
You are too injured to fight recklessly!
You barely miss Menkaure.
Menkaure is moderately damaged.
Menkaure barely misses you.
You closely miss Menkaure.
Menkaure is moderately damaged.
The hobgoblin hits you but does no damage.
You block Menkaure's attack.
You hit Menkaure. You burn Menkaure.
Menkaure is heavily damaged.
The hobgoblin hits you from afar with a +0 spear!
You closely miss Menkaure. You bite Menkaure, but do no damage.
Menkaure is heavily damaged.
Menkaure hits you. You block the hobgoblin's attack.
You hit Menkaure. You burn Menkaure. You bite Menkaure.
Menkaure's magic leaks into the air.
You drain his magic.
You feel invigorated.
Menkaure is severely damaged.
The hobgoblin hits you from afar with a +0 spear.
Menkaure hits you!!
You die...

#.....##..##⌠##.# .#
#.....##...#_#..#
.##.....####......# ..#..>..#
#.......# .......# #...∩...#
#......# ##......# ...
####)g....# ###...#.#
....##....M....###.......#
..........#@.#...........###
..............$..............
......#...................###
.........#.....<..........#
.....................#.##.#
.........?...........#.##.#
........†............#....##
...........................#
.>.........................#


You could see Menkaure (magic disrupted) and a hobgoblin.

Vanquished Creatures
  Sigmund (D:2)
  Terence (D:2)
  Natasha (thrice) (D:2)
  An orc wizard (D:4)
  5 adders
  2 worms
  3 dart slugs
  6 orcs
  10 ball pythons
  5 bats
  7 endoplasms
  3 giant cockroaches
  5 hobgoblins
  6 jackals
  5 quokkas
  2 frilled lizards (D:1)
  3 goblins
  6 kobolds
  5 rats
79 creatures vanquished.

Notes
Turn   | Place    | Note
-------+----------+-------------------------------------------
     0 | D:1      | zishaf the Vine Stalker Brigand began the quest for the
                  | Orb.
     0 | D:1      | Reached XP level 1. HP: 11/11 MP: 2/2
   151 | D:1      | Reached skill level 1 in Dodging
   151 | D:1      | Reached XP level 2. HP: 15/15 MP: 3/3
   159 | D:1      | Reached skill level 5 in Stealth
   380 | D:1      | Found a faded altar of an unknown god.
   389 | D:1      | Reached XP level 3. HP: 18/18 MP: 4/4
   969 | D:2      | Found Icakom's Antique Weapon Boutique.
   998 | D:2      | Reached skill level 1 in Shields
  1031 | D:2      | Found Meqasunugg's Jewellery Shoppe.
  1068 | D:2      | Gained mutation: Your natural rate of healing is unusually
                  | fast. [Vine Stalker growth]
  1068 | D:2      | Reached XP level 4. HP: 23/23 MP: 5/5
  1094 | D:2      | Found Qapal's Book Boutique.
  1094 | D:2      | Noticed Terence
  1121 | D:2      | Killed Terence
  1140 | D:2      | Found Ometekhle's Armour Emporium.
  1167 | D:2      | Noticed Natasha
  1174 | D:2      | Killed Natasha
  1283 | D:2      | Noticed Sigmund
  1292 | D:2      | Reached XP level 5. HP: 28/28 MP: 4/6
  1297 | D:2      | Killed Sigmund
  1298 | D:2      | Reached XP level 6. HP: 32/32 MP: 7/7
  1398 | D:2      | Noticed Natasha
  1476 | D:2      | Killed Natasha
  1508 | D:2      | Noticed Natasha
  1524 | D:2      | Killed Natasha
  2206 | D:4      | Identified the +3 sling of Ibloas {vorpal, rF+ Dex+4}
  2220 | D:4      | Reached skill level 1 in Evocations
  2451 | D:4      | Found Zin's Purification Station.
  2458 | D:4      | Found a glowing silver altar of Zin.
  2507 | D:4      | Noticed Menkaure
  2519 | D:4      | Slain by Menkaure

Illustrated notes

Levels and vault maps discovered:
D:1:      minmay_arrival_arboretum_small, layout_loops_corners,
          shapermc_ecumenical_altar_venn, minmay_crystal_water
D:2:      layout_rooms, serial_shops, shop, shop, nicolae_shop_advertising_works
          [nicolae_subvault_shop_adworks], nicolae_shop_hallway_plus,
          uniq_terence, uniq_natasha, uniq_sigmund
D:3:      layout_basic
D:4:      layout_rooms, lemuel_coloured_pillars_altar,
          nicolae_ru_great_annihilating_truth, zin_purify, uniq_menkaure

Skill      XL: |  1  2  3  4  5  6 |
---------------+-------------------+-----
Dodging        | 1 |  1.0
Fighting       | 2 3 |  3.9
Stealth        | 5 |  5.0
Throwing       | 2 |  2.0
Short Blades   | 2 3 |  3.8
Shields        | 1 2 |  2.9
Evocations     | 1 |  1.0

Action                   |  1- 3 |  4- 6 || total
-------------------------+-------+-------++-------
Melee: Dagger            |    56 |   147 ||   203
       Bite              |    10 |    32 ||    42
 Fire: Sling             |       |    15 ||    15
Throw: Dart              |     4 |     9 ||    13
  Use: Scroll            |       |    13 ||    13
 Stab: Sleeping          |    17 |     2 ||    19
Armor: Robe              |     2 |       ||     2
       Ring mail         |     6 |    40 ||    46
Dodge: Dodged            |    21 |    49 ||    70
Block: Buckler           |     4 |    40 ||    44

Table legend: (Time is in decaauts)
 A = Elapsed time spent in this place.
 B = Non-inter-level travel time spent in this place.
 C = Inter-level travel time spent in this place.
 D = Time resting spent in this place.
 E = Time spent auto-exploring this place.
 F = Levels seen in this place.
 G = Mean time per level.
                   A        B        C        D        E       F      G
               +--------+--------+--------+--------+--------+-----+--------+
         Total |   2502 |   2366 |    136 |     92 |   1622 |   4 |  625.5 |
       Dungeon |   2502 |   2366 |    136 |     92 |   1622 |   4 |  625.5 |
               +--------+--------+--------+--------+--------+-----+--------+

Top non-repeatable levels by time:
     D:1: 963 daAuts
     D:3: 672 daAuts
     D:2: 595 daAuts
     D:4: 271 daAuts
